Map: 新柯尔克辖区 - 锦标赛版 (虚空)

Players

似羽清风 - Winner!

  • Race: Terran Terran
  • League: Diamond
  • Spawn Location: 7:00

Ninja

  • Race: Protoss Protoss
  • League: Grandmaster
  • Spawn Location: 5:00

VOD

Have the link to the VOD?

Description

Time

  • Played on: March 17, 2017, 9:04 p.m.
  • Length: 5:58
Show
View Real Time Build Order
Export as new Build Order

似羽清风 Terran - Winner!

Build Orders: Cyclone Opening 

Get SALT Encoding   

  12  0:00  SCV  
  13  0:13  SCV  
  14  0:19  Supply Depot  
  14  0:25  SCV  
  15  0:41  SCV  
  16  0:42  Barracks  
  16  0:47  Refinery  
  16  0:53  SCV  
  17  1:05  SCV  
  18  1:16  Refinery  
  18  1:18  SCV  
  19  1:32  Orbital Command  
  19  1:33  Supply Depot  
  19  1:34  Barracks Reactor  
  19  1:58  Factory  
  19  1:59  SCV  
  20  2:11  SCV  
  20  2:12  Marine x2  
  23  2:24  SCV  
  24  2:33  Marine x2  
  25  2:37  SCV  
  25  2:40  Supply Depot  
  26  2:55  SCV  
  27  2:58  Marine  
  27  2:59  Cyclone  
  27  3:02  Cyclone  
  27  3:03  Supply Depot  
  34  3:07  Starport  
  34  3:09  SCV  
  35  3:21  SCV  
  35  3:22  Marine  
  37  3:29  Supply Depot  
  37  3:32  Engineering Bay  
  37  3:40  Cyclone  
  40  3:43  Marine  
  40  3:46  Medivac  
  43  3:54  SCV  
  44  4:00  Cyclone  
  47  4:07  Liberator, Missile Turret  
  47  4:09  Supply Depot  
  47  4:15  Marine  
  51  4:25  SCV  
  52  4:45  SCV  
  51  4:58  Command Center  
  47  5:12  Marine, Cyclone  
  48  5:27  Starport Reactor  
  48  5:30  Barracks  
  45  5:38  Marine  
  45  5:39  SCV  
  46  5:56  Barracks  
Show
View Real Time Build Order
Export as new Build Order

Ninja Protoss 

Build Orders: 1 Gate Expand 

Get SALT Encoding   

  12  0:01  Probe (Chrono Boost)  
  13  0:12  Probe (Chrono Boost)  
  14  0:18  Pylon  
  14  0:22  Probe (Chrono Boost)  
  15  0:36  Probe (Chrono Boost)  
  15  0:38  Gateway  
  16  0:44  Assimilator  
  16  0:47  Probe (Chrono Boost)  
  17  0:57  Probe (Chrono Boost)  
  18  1:08  Probe (Chrono Boost)  
  19  1:22  Nexus  
  19  1:30  Cybernetics Core  
  19  1:35  Probe (Chrono Boost)  
  20  1:42  Pylon  
  20  1:47  Probe (Chrono Boost)  
  21  1:49  Assimilator  
  21  2:00  Probe (Chrono Boost)  
  22  2:07  Adept  
  24  2:11  Mothership Core (Chrono Boost)  
  26  2:26  Warp Gate  
  26  2:38  Probe x2 (Chrono Boost)  
  28  2:45  Gateway  
  28  2:49  Probe (Chrono Boost)  
  28  2:51  Pylon, Adept  
  31  2:56  Probe (Chrono Boost)  
  32  3:00  Robotics Facility  
  32  3:04  Probe (Chrono Boost)  
  33  3:08  Probe (Chrono Boost)  
  34  3:14  Probe (Chrono Boost)  
  34  3:18  Adept  
  38  3:20  Probe (Chrono Boost)  
  38  3:25  Probe (Chrono Boost)  
  39  3:30  Probe (Chrono Boost)  
  39  3:33  Adept  
  42  3:35  Probe (Chrono Boost)  
  43  3:43  Pylon  
  43  3:46  Probe x2 (Chrono Boost)  
  45  3:50  Adept  
  45  3:51  Observer  
  48  3:59  Pylon  
  48  4:00  Twilight Council  
  48  4:02  Probe x2 (Chrono Boost)  
  50  4:10  Adept  
  50  4:12  Observer  
  53  4:23  Assimilator  
  53  4:24  Assimilator  
  53  4:26  Robotics Bay  
  51  4:52  Immortal  
  49  4:59  Adept x2  
  43  5:07  Probe x2 (Chrono Boost)  
  35  5:20  Stalker x2  
  29  5:44  Stalker x2  
Tags
 
Add a new tag
Caveats
  • Supply blocks, unpowered buildings, or Contaminate may cause inaccurate times.
  • Supply counts are checked every 10 seconds.